 Dungeon Crawl Stone Soup version 0.24-a0-361-g57161393b2 (webtiles) character file.

Game seed: 10862840786504266456

910 HAL9000 the Slicer (level 8, -4/38 HPs)
             Began as a Vine Stalker Assassin on May 26, 2019.
             Slain by a centaur skeleton (5 damage)
             ... on level 5 of the Dungeon.
             The game lasted 00:11:10 (4918 turns).

HAL9000 the Slicer (Vine Stalker Assassin)          Turns: 4918, Time: 00:11:10

Health: -4/38      AC:  4    Str: 18    XL:     8   Next: 8%
Magic:  0/9        EV: 11    Int: 12    God:
Gold:   288        SH:  0    Dex: 17    Spells: 7/7 levels left

rFire    . . .     SeeInvis .   a - +2 dagger
rCold    + . .     Gourm    .   (no shield)
rNeg     . . .     Faith    .   j - +0 leather armour
rPois    .         Spirit   +   (no helmet)
rElec    .         Reflect  .   c - +0 cloak
rCorr    .         Harm     .   (no gloves)
MR       +....                  (no boots)
Stlth    +++.......             (no amulet)
HPRegen  0.52/turn              v - +4 ring of strength
MPRegen  0.11/turn              t - ring of protection from cold

@: no status effects
A: fangs 3, regeneration 1, magic shield, antimagic bite, no potion heal 3, rot
immunity
a: no special abilities


You were on level 5 of the Dungeon.
You were hungry.

You visited 1 branch of the dungeon, and saw 5 of its levels.

You collected 288 gold pieces.

Inventory:

Hand Weapons
 a - a +2 dagger (weapon)
Missiles
 b - 6 javelins (quivered)
 e - 5 poisoned darts
Armour
 c - a +0 cloak (worn)
 j - a +0 leather armour (worn)
Jewellery
 o - an uncursed ring of fire
 t - a ring of protection from cold (right hand)
 v - a +4 ring of strength (left hand)
Wands
 w - a wand of iceblast (11)
Scrolls
 l - a scroll of blinking
 m - 2 scrolls of enchant armour
Potions
 g - a potion of resistance {unknown}
 h - a potion of haste
 i - a potion of cancellation {unknown}
 k - a potion of agility
 n - a potion of magic {unknown}
 q - 3 potions of lignification
 s - 2 potions of brilliance {unknown}
 x - a potion of curing
Comestibles
 f - 6 rations


   Skills:
 - Level 1.7 Fighting
 + Level 8.4 Short Blades
 - Level 1.7 Throwing
 - Level 0.7 Dodging
 - Level 4.8 Stealth


You had 7 spell levels left.
You didn't know any spells.
Your spell library was empty.

Dungeon Overview and Level Annotations

Branches:
Dungeon (5/15)
 Temple: D:4-7

Altars:
Ru

Annotations:
D:3 2 transporters, smajdalf's ghost, amateur TeAE


Innate Abilities, Weirdness & Mutations

You have razor-sharp teeth.
Your natural rate of healing is unusually fast.
When hurt, damage is shared between your health and your magic reserves.
Your bite disrupts and absorbs the magic of your enemies.
Potions cannot restore your health.
You are immune to rotting.


Message History

The centaur is severely wounded.
The centaur skeleton hits you.
* * * LOW HITPOINT WARNING * * *
The centaur closely misses you.
You hit the centaur but do no damage. You bite the centaur.
You drain its power.
You feel invigorated.
The centaur is almost dead.
The centaur skeleton closely misses you.
You hit the centaur.
The centaur is almost dead.
The centaur hits you.
* * * LOW HITPOINT WARNING * * *
The crimson imp blinks!
Unknown command.
You hit the centaur.
You kill the centaur!
You have reached level 8!
You feel agile.
Your teeth grow very long and razor-sharp.
The centaur skeleton hits you.
You die...

######### #######
........# #...$.#
........# #..(..#
........# #.....#
........ #.....##
.....######....(.#
................(+
..#...#######...(#
..#...# #...@#
..#..†#
######Z)......
..#...##.....
#SZZ.....
..'..........
§...$....
..#...##.....
#...5#### ###...#
.... #....# #...#
5.. #....# ....#
.. #####. .....# .


You could see a crimson imp, a killer bee zombie, a giant cockroach zombie, a
ball python and a centaur skeleton.

Vanquished Creatures
  Sigmund (D:3)
  A sky beast (D:4)
  An ice beast (D:4)
  A centaur (D:5)
  A scorpion (D:4)
  An orc priest (D:4)
  A hound (D:4)
  An iguana (D:4)
  A worker ant (D:4)
  5 orc wizards
  7 adders
  3 gnolls
  A worm (D:3)
  5 dart slugs
  3 leopard geckos
  24 orcs
  2 giant cockroaches
  7 goblins
  7 hobgoblins
  7 kobolds
  2 quokkas (D:4)
  2 ball pythons (D:5)
  A ball python skeleton (D:4)
  9 bats
  8 frilled lizards
  5 rats
107 creatures vanquished.

Notes
Turn   | Place    | Note
-------+----------+-------------------------------------------
     0 | D:1      | HAL9000 the Vine Stalker Assassin began the quest for the
                  | Orb.
     0 | D:1      | Reached XP level 1. HP: 11/11 MP: 2/2
    48 | D:1      | Reached skill level 2 in Short Blades
    65 | D:1      | Reached XP level 2. HP: 15/15 MP: 3/3
   610 | D:1      | Reached skill level 3 in Short Blades
   803 | D:2      | Reached XP level 3. HP: 18/18 MP: 4/4
  1717 | D:2      | Gained mutation: Your natural rate of healing is unusually
                  | fast. [Vine Stalker growth]
  1717 | D:2      | Reached XP level 4. HP: 23/23 MP: 5/5
  1978 | D:3      | Reached skill level 4 in Short Blades
  2306 | D:3      | Found a transporter.
  2307 | D:3      | Noticed smajdalf's ghost (amateur TeAE)
  2319 | D:3      | Found a transporter.
  2499 | D:3      | Reached XP level 5. HP: 22/26 MP: 4/6
  2575 | D:3      | Noticed Sigmund
  2761 | D:3      | Killed Sigmund
  2761 | D:3      | Reached skill level 5 in Short Blades
  2761 | D:3      | Reached XP level 6. HP: 24/30 MP: 4/7
  3021 | D:4      | Reached skill level 6 in Short Blades
  3084 | D:4      | Noticed a sky beast
  3940 | D:4      | Reached XP level 7. HP: 21/34 MP: 4/8
  4094 | D:4      | Reached skill level 7 in Short Blades
  4519 | D:5      | Entered Level 5 of the Dungeon
  4608 | D:5      | Found a sacrificial altar of Ru.
  4748 | D:4      | Reached skill level 8 in Short Blades
  4911 | D:5      | HP: 1/34 [centaur skeleton (3)]
  4917 | D:5      | HP: 1/34 [centaur (1)]
  4918 | D:5      | Gained mutation: You have razor-sharp teeth. [Vine Stalker
                  | growth]
  4918 | D:5      | Reached XP level 8. HP: 1/38 MP: 0/9
  4918 | D:5      | Slain by a centaur skeleton

Levels and vault maps discovered:
D:1:      dpeg_arrival_rooms_c, layout_loops_ring, serial_forest,
          infiniplex_forest_end_2, infiniplex_forest_lined_room_3,
          infiniplex_forest_clump_large, infiniplex_forest_lined_3_way,
          infiniplex_forest_clump_double, chequers_serial_rivers_micro_b,
          chequers_serial_rivers_room_b
D:2:      layout_basic
D:3:      minmay_bubble_buster, layout_basic, gammafunk_ghost_stat_death,
          uniq_sigmund
D:4:      layout_loops_corners, first_ration
D:5:      layout_basic, nicolae_ru_great_annihilating_truth,
          minmay_temple_entry_proselytizer, gup_ossuary_entry_pyramid,
          basic_altar

Skill      XL: |  1  2  3  4  5  6  7 |
---------------+----------------------+-----
Short Blades   | 2 3 4 5 6 8 |  8.4
Fighting       | |  1.7
Throwing       | |  1.7
Dodging        | |  0.7
Stealth        | |  4.8

Action                   |  1- 3 |  4- 6 |  7- 9 || total
-------------------------+-------+-------+-------++-------
Melee: Dagger            |    83 |   199 |   116 ||   398
       Bite              |    16 |    50 |    29 ||    95
Throw: Dart              |       |    21 |    20 ||    41
  Use: Scroll            |     2 |     8 |     3 ||    13
       Potion            |     1 |       |       ||     1
 Stab: Sleeping          |     5 |     7 |     4 ||    16
       Distracted        |     1 |       |       ||     1
       Paralysed         |       |       |     1 ||     1
  Eat: Chunk             |     2 |     7 |     3 ||    12
Armor: Robe              |     9 |    14 |       ||    23
       Leather armour    |       |    12 |    17 ||    29
Dodge: Dodged            |    37 |    81 |    47 ||   165

Table legend:
 A = Non-vault XP
 B = Vault XP
 C = Vault XP percentage of total XP
 D = Non-vault monster count
 E = Vault monster count
 F = Vault count percentage of total count
                 A         B        C        D         E       F
            +---------+---------+-------+---------+---------+-------
      Total |    1010 |     290 |  22.3 |      92 |      15 |  14.0
            +---------+---------+-------+---------+---------+-------
        D:1 |      31 |       0 |   0.0 |      15 |       0 |   0.0
        D:2 |      53 |       0 |   0.0 |      14 |       0 |   0.0
        D:3 |      77 |     251 |  76.5 |      25 |      11 |  30.6
        D:4 |     662 |       0 |   0.0 |      28 |       0 |   0.0
        D:5 |     187 |      39 |  17.3 |      10 |       4 |  28.6
            +---------+---------+-------+---------+---------+-------
